 Dungeon Crawl Stone Soup version 0.28.0-1-gb440e238dd (webtiles) character file.

Game seed: 12395089339140967340

13 Hasart the Slasher (level 2, -1/25 HPs)
             Began as a Barachi Berserker on Feb 19, 2022.
             Was a Follower of Trog.
             Slain by a rat (3 damage)
             ... on level 1 of the Dungeon.
             The game lasted 00:00:30 (133 turns).

Hasart the Slasher (Barachi Berserker)               Turns: 133, Time: 00:00:30

Health: -1/25      AC:  2    Str: 18    XL:     2   Next: 37%
Magic:  2/2        EV: 12    Int:  7    God:    Trog [*.....]
Gold:   0          SH:  0    Dex: 11    Spells: 1/1 levels left

rFire   . . .      SeeInvis .   a - +0 falchion
rCold   . . .      Faith    .   (no shield)
rNeg    . . .      Spirit   .   b - +0 animal skin
rPois   .          Reflect  .   (no helmet)
rElec   .          Harm     .   (no cloak)
rCorr   .          Rampage  .   (no gloves)
Will    .....                   (no boots)
Stlth   +.........              (no amulet)
HPRegen 0.08/turn               (no ring)
MPRegen 0.08/turn               (no ring)

@: slow
A: amphibious, slowness 1, strong legs 1, +LOS
a: Hop, Renounce Religion, Berserk


You were on level 1 of the Dungeon.
You worshipped Trog.
Trog was aware of your devotion.
You visited 1 branch of the dungeon, and saw 1 of its levels.

Inventory:

Hand Weapons
 a - a +0 falchion (weapon)
Armour
 b - a +0 animal skin (worn)
Scrolls
 c - a scroll of identify {unknown}


   Skills:
 + Level 3.8 Fighting
 * Level 4.0 Long Blades
 + Level 2.7 Armour
 + Level 2.4 Dodging


You had one spell level left.
You didn't know any spells.
Your spell library was empty.

Dungeon Overview and Level Annotations

Branches:
Dungeon (1/15)

Altars:


Innate Abilities, Weirdness & Mutations

You are amphibious.
You cover ground slowly.
You can hop short distances.
You have an extended range of vision and can be seen from far away.


Message History

Trog accepts your kill. The bat hits you but does no damage.
The bat closely misses you. The rat completely misses you.
The hobgoblin barely misses you.
You see here a jackal corpse.
You slash the bat!
You kill the bat!
Trog accepts your kill. The rat closely misses you.
The hobgoblin closely misses you. The rat barely misses you.
The hobgoblin hits you.
* * * LOW HITPOINT WARNING * * *
A quokka comes into view.
The hobgoblin completely misses you.
You see here a bat corpse.
Unknown command.
You closely miss the hobgoblin. The rat barely misses you.
The hobgoblin hits you.
* * * LOW HITPOINT WARNING * * *
You barely miss the rat. The rat barely misses you.
The hobgoblin barely misses you.
You hit the hobgoblin.
The hobgoblin is heavily wounded.
The rat closely misses you. The hobgoblin barely misses you.
You barely miss the hobgoblin.
The hobgoblin is heavily wounded.
The rat bites you but does no damage. The hobgoblin closely misses you.
You closely miss the hobgoblin.
The hobgoblin is heavily wounded.
The rat barely misses you. The hobgoblin barely misses you.
You hit the hobgoblin.
You kill the hobgoblin!
Trog accepts your kill. The rat bites you but does no damage.
You closely miss the rat. The rat bites you.
* * * LOW HITPOINT WARNING * * *
You hit the rat. Your punch misses the rat.
The rat is severely wounded.
The rat bites you.
You die...

##.## #.##.#.##
##.#.##
#.#.###.##
..###.# ##..##
##.##
##.#.####.....##
##.#
###..........#.#
##.##
......###.##.
#.###.## #####.#
# ##. #.#.## .#
#.#...###r## ..
........@†.#
.........#.#r.#
####.##. #.#..#
#.#.... #.#...##
#.#$..# #.#...#
......# #.....#


You could see a quokka and a rat.

Vanquished Creatures
  2 ball pythons (D:1)
  3 bats (D:1)
  A giant cockroach (D:1)
  A hobgoblin (D:1)
  3 jackals (D:1)
10 creatures vanquished.

Notes
Turn   | Place    | Note
-------+----------+-------------------------------------------
     0 | D:1      | Hasart the Barachi Berserker began the quest for the Orb.
     0 | D:1      | Reached XP level 1. HP: 18/18 MP: 1/1
   107 | D:1      | Reached XP level 2. HP: 24/25 MP: 2/2
   116 | D:1      | Reached skill level 4 in Long Blades
   133 | D:1      | Slain by a rat

Illustrated notes

Levels and vault maps discovered:
D:1:      saegor_arrival_miasma, layout_loops_ring

Skill      XL: |  1  2 |
---------------+-------+-----
Long Blades    | 4 |  4.0
Fighting       | |  3.8
Armour         | |  2.7
Dodging        | |  2.4

Action                   || total
-------------------------++-------
Melee: Falchion          ||    24
Armor: Animal skin       ||    10
Dodge: Dodged            ||    47
